 Dungeon Crawl Stone Soup version 0.27-a0-1595-g0b823d0a13 (webtiles) character file.

Game seed: 8117244255417592849

206 rednaxela the Ruffian (level 5, -9/38 HPs)
             Began as a Ghoul Necromancer on July 20, 2021.
             Mangled by an ogre (31 damage)
             ... on level 4 of the Dungeon.
             The game lasted 00:10:48 (3993 turns).

rednaxela the Ruffian (Ghoul Necromancer)           Turns: 3993, Time: 00:10:49

Health: -9/38      AC:  8    Str: 13    XL:     5   Next: 84%
Magic:  6/6        EV:  9    Int: 10    God:
Gold:   157        SH:  0    Dex:  9    Spells: 6/7 levels left

rFire    . . .     SeeInvis .     - Unarmed
rCold    + . .     Faith    .   (no shield)
rNeg     + + +     Spirit   .   i - +0 scale mail
rPois    ∞         Reflect  .   (no helmet)
rElec    .         Harm     .   (no cloak)
rCorr    +         Rampage  .   n - +1 pair of gloves
Will     .....                  (no boots)
Stlth    ..........             (no amulet)
HPRegen  0.00/turn              l - ring of resist corrosion
MPRegen  0.10/turn              (no ring)

@: no status effects
A: claws 1, cold resistance 1, negative energy resistance 3, inhibited
regeneration, torment resistance 2
a: no special abilities


You were on level 4 of the Dungeon.
You visited 1 branch of the dungeon, and saw 4 of its levels.

You collected 157 gold pieces.

Inventory:

Missiles
 b - 71 stones
Armour
 g - a +0 chain mail
   (You found it on level 2 of the Dungeon)
 i - a +0 scale mail (worn)
   (You took it off a kobold on level 2 of the Dungeon)
 n - a +1 pair of gloves (worn)
   (You found it on level 1 of the Dungeon)
Jewellery
 l - a ring of resist corrosion (left hand)
   (You found it on level 3 of the Dungeon)
Scrolls
 a - 2 scrolls of amnesia {unknown}
 d - a scroll of fog {unknown}
 f - a scroll of teleportation {@r3 !r}
 k - a scroll of identify {unknown}
Potions
 c - 2 potions of curing {unknown}
 e - a potion of brilliance {unknown}
 h - a potion of attraction {unknown}
 j - a potion of mutation {unknown}


   Skills:
 - Level 1.7 Dodging
 - Level 2.1 Stealth
 + Level 5.9 Unarmed Combat
 - Level 1.7 Spellcasting
 - Level 4.0 Necromancy


You had 6 spell levels left.
You knew the following spells:

 Your Spells              Type           Power      Damage    Failure   Level
a - Pain                  Necr           32%        1d5       30%         1

Your spell library contained the following spells:

 Spells                   Type           Power      Damage    Failure   Level
 Animate Skeleton         Necr           16%        N/A       30%         1
 Vampiric Draining        Necr           4%         2d6       67%         3
 Animate Dead             Necr           4%         N/A       97%         4
 Ignite Poison            Fire/Tmut/Pois 0%         N/A       99%         3
 Mephitic Cloud           Conj/Pois/Air  0%         N/A       99%         3
 Agony                    Necr           8%         N/A       100%        5
 Bolt of Magma            Conj/Fire/Erth 0%         4d4       100%        5


Dungeon Overview and Level Annotations

Branches:
Dungeon (4/15)
 Temple: D:4-7

Altars:

Shops:
D:4 *

Annotations:
D:2 Sigmund


Innate Abilities, Weirdness & Mutations

You thrive by killing the living.
You are immune to poison.
You have sharp fingernails.
Your flesh is cold resistant. (rC+)
You are immune to negative energy. (rN+++)
You do not regenerate when monsters are visible.
You are immune to unholy pain and torment.


Message History

There is an open door here.
An ufetubus comes into view.
The ufetubus shouts!
An ufetubus is nearby!
An orc comes into view. It is wielding a +0 trident.
The orc shouts!
The ufetubus hits you. The ufetubus closely misses you.
You punch the ufetubus!
You kill the ufetubus!
No target in range!
The orc barely misses you. The orc closely misses you.
You hit the orc.
The orc is severely wounded.
You hit the orc.
You kill the orc!
No target in view!
Things that are here:
a +0 trident; an orc corpse HP restored.
Things that are here:
a +0 trident; an orc corpse
Found 5 gold pieces.
You now have 157 gold pieces (gained 5).
A quokka comes into view.
The quokka barely misses you.
You closely miss the quokka. The quokka barely misses you.
You closely miss the quokka. The quokka barely misses you.
You hit the quokka.
The quokka is heavily wounded.
The quokka bites you.
You hit the quokka.
The quokka is almost dead.
The quokka barely misses you.
You hit the quokka.
You kill the quokka!
You feel better.
You see here a quokka corpse.
A dart slug comes into view.
A dart slug is nearby!
You hit the dart slug.
The dart slug is heavily wounded.
The dart slug launches a dart at you. The slug dart misses you.
Your scale mail prevents you from hitting the dart slug.
The dart slug is heavily wounded.
You completely miss the dart slug.
The dart slug is heavily wounded.
The dart slug launches a dart at you.
The slug dart hits you but does no damage.
You hit the dart slug.
You kill the dart slug!
No target in view!
You see here a dart slug corpse.
You open the door.
There is an open door here.
a - 2 scrolls labelled LINOWK VITS (gained 1)
You open the door.
An ogre comes into view. It is wielding a +0 giant spiked club.
The ogre shouts!
You barely miss the ogre. You barely miss the ogre.
The ogre completely misses you.
You hit the ogre.
The ogre is lightly wounded.
The ogre barely misses you.
You punch the ogre!
The ogre is moderately wounded.
The ogre closely misses you.
You barely miss the ogre.
The ogre is moderately wounded.
You punch the ogre! Your punch misses the ogre.
The ogre is heavily wounded.
The ogre hits you with a +0 giant spiked club!
* * * LOW HITPOINT WARNING * * *
You are too injured to fight recklessly!
You are too injured to fight recklessly!
There is an open door here.
You close the door.
An ogre opens the door.
You close the door.
An ogre opens the door.
You close the door.
An ogre opens the door.
You close the door.
An ogre opens the door.
You close the door.
An ogre opens the door.
You close the door.
An ogre opens the door.
You close the door.
An ogre opens the door.
You close the door.
An ogre opens the door.
You close the door.
An ogre opens the door.
As you close the door, it creaks loudly!
An ogre opens the door.
You close the door.
An ogre opens the door.
You close the door.
An ogre opens the door.
You close the door.
An ogre opens the door.
There's a creature in the doorway!
You are too injured to fight recklessly!
You are too injured to fight recklessly!
You are too injured to fight recklessly!
You hit the ogre but do no damage.
The ogre is heavily wounded.
The ogre hits you with a +0 giant spiked club!!
Ouch! That really hurt!
You die...

,,,,,,..##.#* **,,,,,*#.....
,,****#.##.# **,..#*#.##.. ,,,,*
#.##.# **..# #.##.. ,,*,* #.##'##
*#.# #.##.. ,,*,* #.#...## #.#
#..... *.#.###......## ### #.#
####.# ..............## ##.###.#
#.#
..#.##.........####...##.######..
,,,,,+.........O@....†....†......
,,*,*#.........####...#.#########
,**,*##.......## ##.##.# # ***,*
##.....## ####.# # *,,,* ##...##
#.# # *,*** ##+## #.# # *,* *,*
#.# # *,* *,* #.# # *,* **,******
*,* #


You could see an ogre.

Vanquished Creatures
  An ogre (D:3)
  Jessica (D:2)
  An adder (D:1)
  An ufetubus (D:4)
  2 worms (D:3)
  6 dart slugs
  2 orcs
  3 endoplasms
  3 giant cockroaches
  4 goblins
  9 hobgoblins
  2 jackals (D:2)
  3 kobolds
  3 quokkas
  2 ball pythons
  9 bats
  4 frilled lizards
  5 rats
61 creatures vanquished.

Notes
Turn   | Place    | Note
-------+----------+-------------------------------------------
     0 | D:1      | rednaxela the Ghoul Necromancer began the quest for the
                  | Orb.
     0 | D:1      | Reached XP level 1. HP: 14/14 MP: 2/2
   284 | D:1      | Reached skill level 1 in Unarmed Combat
   316 | D:1      | Reached XP level 2. HP: 10/20 MP: 3/3
   505 | D:1      | Found a faded altar of an unknown god.
   567 | D:1      | Reached skill level 2 in Unarmed Combat
  1236 | D:2      | Reached XP level 3. HP: 23/26 MP: 4/4
  1249 | D:2      | Noticed Sigmund
  1517 | D:2      | Noticed Jessica
  1525 | D:2      | Killed Jessica
  1526 | D:2      | Reached skill level 3 in Unarmed Combat
  1580 | D:2      | Reached XP level 4. HP: 29/33 MP: 5/5
  1652 | D:1      | Reached skill level 4 in Unarmed Combat
  2467 | D:3      | You fall into a shaft and drop 1 floor!
  2497 | D:4      | Found Caorucye's Lightly-Used Armoury.
  3626 | D:4      | Noticed an ogre
  3662 | D:3      | Killed an ogre
  3663 | D:3      | Reached skill level 5 in Unarmed Combat
  3663 | D:3      | Reached XP level 5. HP: 28/38 MP: 6/6
  3967 | D:4      | Noticed an ogre
  3993 | D:4      | Mangled by an ogre

Illustrated notes

Levels and vault maps discovered:
D:1:      tarquinn_simple_flora_water_d, layout_loops_ring,
          hellmonk_ecumenical_altar_crossroads, minmay_pentomino_u4
D:2:      layout_rooms, minivault_19, uniq_sigmund, uniq_jessica
D:3:      layout_loops_ring, cheibrodos_sewer_entry_drain
D:4:      layout_loops_corners, overflow_temple_1_default, minmay_shop_damaged,
          nrook_campfire, uniq_crazy_yiuf_cottage

Skill      XL: |  1  2  3  4 |
---------------+-------------+-----
Unarmed Combat | 1 2 3 5 |  5.9
Dodging        | |  1.7
Stealth        | |  2.1
Spellcasting   | |  1.7
Necromancy     | |  4.0

Action                   |  1- 3 |  4- 6 || total
-------------------------+-------+-------++-------
Melee: Unarmed           |    83 |   146 ||   229
       Punch             |     1 |     2 ||     3
  Use: Scroll            |       |     2 ||     2
 Stab: Sleeping          |     1 |       ||     1
Armor: Robe              |     3 |       ||     3
       Leather armour    |     7 |     5 ||    12
       Scale mail        |       |    37 ||    37
Dodge: Dodged            |    30 |    58 ||    88

Table legend: (Time is in decaauts)
 A = Elapsed time spent in this place.
 B = Non-inter-level travel time spent in this place.
 C = Inter-level travel time spent in this place.
 D = Time resting spent in this place.
 E = Time spent auto-exploring this place.
 F = Levels seen in this place.
 G = Mean time per level.
                   A        B        C        D        E       F      G
               +--------+--------+--------+--------+--------+-----+--------+
         Total |   3989 |   3714 |    275 |    797 |   1929 |   4 |  997.2 |
       Dungeon |   3989 |   3714 |    275 |    797 |   1929 |   4 |  997.2 |
               +--------+--------+--------+--------+--------+-----+--------+

Top non-repeatable levels by time:
     D:1: 1427 daAuts
     D:3: 1259 daAuts
     D:2: 931 daAuts
     D:4: 371 daAuts
